A+ EAST
ASHEVILLE TOURISTS @ WINSTON-SALEM DASH
08/20/2041
 
TOP OF THE 1ST
Asheville Tourists batting - Pitching for Winston-Salem Dash : RHP Don Adams
Pitching: RHP Don Adams
Batting: RHB Raúl Villa 0-0: Swinging Strike
0-1: Foul Ball, location: 5F
0-2: Ball
1-2: Ball
2-2: Ball
3-2: Base on Balls
Batting: SHB José Morán 0-0: Ball
1-0: Called Strike
1-1: Foul Ball, location: 7LDF
1-2: Strikes out looking
Batting: RHB Jared Clemente 0-0: Foul Ball, location: 7LSF
0-1: Called Strike
Raúl Villa is caught stealing 2nd base 2-4
0-2: Ball
1-2: Ball
2-2: Ground out 6-3 (Groundball, 56, EV 83.8 MPH)
Top of the 1st over - 0 runs, 0 hits, 0 errors, 0 left on base; Asheville 0 - Winston-Salem 0
BOTTOM OF THE 1ST
Winston-Salem Dash batting - Pitching for Asheville Tourists : RHP Mario Alaniz
Pitching: RHP Mario Alaniz
Batting: SHB Ed Charles 0-0: Called Strike
0-1: Ball
1-1: Swinging Strike
1-2: Fly out, F8 (Flyball, 8LD, EV 106.9 MPH)
Batting: LHB Lúcio Aguilar 0-0: Foul Ball, location: 2F
0-1: Ball
1-1: Ball
2-1: SOLO HOME RUN (Flyball, 9LD, EV 97.5 MPH), Distance : 350 ft
Batting: RHB Raúl Pérez 0-0: Ball
1-0: Ball
2-0: DOUBLE (Groundball, 5L, EV 97.5 MPH)
Batting: RHB José García 0-0: Called Strike
0-1: Ball
1-1: SINGLE (Groundball, 34D, EV 108.1 MPH)
Raúl Pérez to third
Runner from 3rd tries for Home, SAFE, throw by RF to home
Batting: LHB Jeff Ferguson 0-0: Ball
1-0: Called Strike
1-1: Swinging Strike
1-2: Grounds into double play, 4-6-3 (Groundball, 4, EV 85.6 MPH)
Bottom of the 1st over - 2 runs, 3 hits, 0 errors, 0 left on base; Asheville 0 - Winston-Salem 2
TOP OF THE 2ND
Asheville Tourists batting - Pitching for Winston-Salem Dash : RHP Don Adams
Batting: SHB Erik Ashe 0-0: Foul Ball, location: 2F
0-1: Swinging Strike
0-2: Strikes out looking
Batting: LHB Mike Halfyard 0-0: Foul Ball, location: 3F
0-1: Called Strike
0-2: SINGLE (Flyball, 3D, EV 92.5 MPH)
Batting: RHB Lou Horn 0-0: Ball
1-0: Ball
2-0: SINGLE (Line Drive, 34D, EV 95.6 MPH)
Mike Halfyard to second
Batting: RHB Jimmy Davidson 0-0: Ball
1-0: Swinging Strike
1-1: Swinging Strike
1-2: Ball
2-2: Ball
3-2: Strikes out swinging
Batting: RHB Clint Hancock 0-0: Called Strike
0-1: Called Strike
0-2: Strikes out looking
Top of the 2nd over - 0 runs, 2 hits, 0 errors, 2 left on base; Asheville 0 - Winston-Salem 2
BOTTOM OF THE 2ND
Winston-Salem Dash batting - Pitching for Asheville Tourists : RHP Mario Alaniz
Batting: LHB Mike Simpson 0-0: Called Strike
0-1: Swinging Strike
0-2: Foul Ball, location: 2F
0-2: Foul Ball, location: 2F
0-2: Ball
1-2: Foul Ball, location: 3FF
1-2: Strikes out swinging
Batting: RHB Jim Lyons 0-0: Swinging Strike
0-1: Ball
1-1: Swinging Strike
1-2: Ground out 6-3 (Groundball, 6, EV 87.5 MPH)
Batting: RHB José Solís 0-0: Called Strike
0-1: Ball
1-1: Ball
2-1: Called Strike
2-2: Ground out 1-3 (Groundball, 13, EV 70.0 MPH)
Bottom of the 2nd over - 0 runs, 0 hits, 0 errors, 0 left on base; Asheville 0 - Winston-Salem 2
TOP OF THE 3RD
Asheville Tourists batting - Pitching for Winston-Salem Dash : RHP Don Adams
Batting: RHB José Carlos Rangel 0-0: Ball
1-0: Ball
2-0: Swinging Strike
2-1: Ground out U3 (Groundball, 3, EV 91.9 MPH)
Batting: RHB Raúl Villa 0-0: Called Strike
0-1: Foul Ball, location: 2F
0-2: Strikes out swinging
Batting: SHB José Morán 0-0: Called Strike
0-1: DOUBLE (Flyball, 78D, EV 106.3 MPH)
Batting: RHB Jared Clemente 0-0: Called Strike
0-1: Ball
1-1: Swinging Strike
1-2: Strikes out swinging
Top of the 3rd over - 0 runs, 1 hit, 0 errors, 1 left on base; Asheville 0 - Winston-Salem 2
BOTTOM OF THE 3RD
Winston-Salem Dash batting - Pitching for Asheville Tourists : RHP Mario Alaniz
Batting: RHB Steve Tapley 0-0: Ball
1-0: Fly out, F8 (Line Drive, 8LM, EV 106.3 MPH)
Batting: SHB Ed Charles 0-0: Foul Ball, location: 7LMF
0-1: Ball
1-1: Ball
2-1: Foul Ball, location: 2F
2-2: Ball
3-2: Strikes out looking
Batting: LHB Lúcio Aguilar 0-0: Ball
1-0: Swinging Strike
1-1: Foul Ball, location: 3F
1-2: Foul Ball, location: 5FF
1-2: Foul Ball, location: 5DF
1-2: Strikes out swinging
Bottom of the 3rd over - 0 runs, 0 hits, 0 errors, 0 left on base; Asheville 0 - Winston-Salem 2
TOP OF THE 4TH
Asheville Tourists batting - Pitching for Winston-Salem Dash : RHP Don Adams
Batting: SHB Erik Ashe 0-0: Called Strike
0-1: Called Strike
0-2: Strikes out swinging
Batting: LHB Mike Halfyard 0-0: Foul Ball, location: 7LMF
0-1: Foul Ball, location: 5SF
0-2: Ball
1-2: Ball
2-2: Strikes out looking
Batting: RHB Lou Horn 0-0: Ball
1-0: Ball
2-0: Fly out, F8 (Flyball, 8LD, EV 111.3 MPH)
Top of the 4th over - 0 runs, 0 hits, 0 errors, 0 left on base; Asheville 0 - Winston-Salem 2
BOTTOM OF THE 4TH
Winston-Salem Dash batting - Pitching for Asheville Tourists : RHP Mario Alaniz
Batting: RHB Raúl Pérez 0-0: Swinging Strike
0-1: Foul Ball, location: 7LMF
0-2: Ball
1-2: Ball
2-2: Ball
3-2: Base on Balls
Batting: RHB José García 0-0: Fly out, F3 (Popup, 23, EV 78.1 MPH)
Batting: LHB Jeff Ferguson 0-0: Foul Ball, location: 7LDF
0-1: Grounds into double play, 4-6-3 (Groundball, 4, EV 98.8 MPH)
Bottom of the 4th over - 0 runs, 0 hits, 0 errors, 0 left on base; Asheville 0 - Winston-Salem 2
TOP OF THE 5TH
Asheville Tourists batting - Pitching for Winston-Salem Dash : RHP Don Adams
Batting: RHB Jimmy Davidson 0-0: Foul Ball, location: 9LMF
0-1: Fly out, F9 (Line Drive, 89S, EV 91.3 MPH)
Batting: RHB Clint Hancock 0-0: Foul Ball, location: 9LSF
0-1: Ball
1-1: Called Strike
1-2: Fly out, F3 (Popup, 3L, EV 76.3 MPH)
Batting: RHB José Carlos Rangel 0-0: Called Strike
0-1: Foul Ball, location: 5DF
0-2: Strikes out swinging
Top of the 5th over - 0 runs, 0 hits, 0 errors, 0 left on base; Asheville 0 - Winston-Salem 2
BOTTOM OF THE 5TH
Winston-Salem Dash batting - Pitching for Asheville Tourists : RHP Mario Alaniz
Batting: LHB Mike Simpson 0-0: Ball
1-0: Ball
2-0: Ball
3-0: Called Strike
3-1: Called Strike
3-2: Fly out, F7 (Flyball, 7LS, EV 93.1 MPH)
Batting: RHB Jim Lyons 0-0: Ball
1-0: Called Strike
1-1: Ball
2-1: Swinging Strike
2-2: Ball
3-2: Foul Ball, location: 9LSF
3-2: Base on Balls
Batting: RHB José Solís 0-0: Foul Ball, location: 3F
0-1: Ball
1-1: Ball
2-1: Ball
3-1: Called Strike
3-2: Base on Balls
Jim Lyons to second
Batting: RHB Steve Tapley 0-0: Called Strike
0-1: Ball
1-1: Foul Ball, location: 2F
1-2: Ball
2-2: Foul Ball, location: 7LMF
2-2: Foul Ball, location: 2F
2-2: Foul Ball, location: 9LSF
2-2: Grounds into double play, 6-4-3 (Groundball, 6, EV 90.0 MPH)
Bottom of the 5th over - 0 runs, 0 hits, 0 errors, 1 left on base; Asheville 0 - Winston-Salem 2
TOP OF THE 6TH
Asheville Tourists batting - Pitching for Winston-Salem Dash : RHP Don Adams
Batting: RHB Raúl Villa 0-0: Bunt for hit to 15S - play at first, batter OUT! 1-3
Batting: SHB José Morán 0-0: Called Strike
0-1: Foul Ball, location: 7LSF
0-2: Strikes out swinging
Batting: RHB Jared Clemente 0-0: Ball
1-0: Ball
2-0: Ball
3-0: Base on Balls
Batting: SHB Erik Ashe 0-0: Fly out, F7 (Flyball, 78M, EV 94.4 MPH)
Top of the 6th over - 0 runs, 0 hits, 0 errors, 1 left on base; Asheville 0 - Winston-Salem 2
BOTTOM OF THE 6TH
Winston-Salem Dash batting - Pitching for Asheville Tourists : RHP Mario Alaniz
Batting: SHB Ed Charles 0-0: Ball
1-0: Ball
2-0: Ball
3-0: Called Strike
3-1: Fly out, F7 (Flyball, 78M, EV 85.6 MPH)
Pitching: RHP Víctor Cruz
Batting: LHB Lúcio Aguilar 0-0: Fly out, F9 (Flyball, 9LS, EV 88.1 MPH)
Batting: RHB Raúl Pérez 0-0: Hit by Pitch
Batting: RHB José García 0-0: Foul Ball, location: 23F
0-1: Ball
1-1: Ball
Raúl Pérez steals 2nd base
2-1: Foul Ball, location: 2F
2-2: Ball
3-2: Foul Ball, location: 7LDF
3-2: Base on Balls
Batting: LHB Jeff Ferguson 0-0: Ball
1-0: Ball
2-0: Ball
3-0: Base on Balls
Raúl Pérez to third
José García to second
Batting: LHB Mike Simpson 0-0: Foul Ball, location: 9LSFF
0-1: Foul Ball, location: 9LDF
0-2: Ball
1-2: Strikes out swinging
Bottom of the 6th over - 0 runs, 0 hits, 0 errors, 3 left on base; Asheville 0 - Winston-Salem 2
TOP OF THE 7TH
Asheville Tourists batting - Pitching for Winston-Salem Dash : RHP Don Adams
Batting: LHB Mike Halfyard 0-0: Called Strike
0-1: Ball
1-1: Ball
2-1: Foul Ball, location: 7LSF
2-2: Ground out 6-3 (Groundball, 6, EV 100.0 MPH)
Batting: RHB Lou Horn 0-0: Called Strike
0-1: Ball
1-1: Foul Ball, location: 23F
1-2: Foul Ball, location: 25FF
1-2: Ground out 6-3 (Groundball, 6, EV 88.8 MPH)
Batting: RHB Jimmy Davidson 0-0: Ball
1-0: Called Strike
1-1: Ball
2-1: Foul Ball, location: 3F
2-2: Ball
3-2: SINGLE (Groundball, 6MS, EV 80.6 MPH) (infield hit)
Pitching: LHP Jesús Cruz
Batting: RHB Clint Hancock Pickoff Throw to First - Out! 1-3 CS
Top of the 7th over - 0 runs, 1 hit, 0 errors, 0 left on base; Asheville 0 - Winston-Salem 2
BOTTOM OF THE 7TH
Winston-Salem Dash batting - Pitching for Asheville Tourists : RHP Víctor Cruz
Batting: RHB Jim Lyons 0-0: Foul Ball, location: 23F
0-1: Ball
1-1: DOUBLE (Line Drive, 9LS, EV 96.3 MPH) - OUT at third base trying to stretch hit.
Batting: RHB José Solís 0-0: Called Strike
0-1: Called Strike
0-2: SINGLE (Groundball, 34D, EV 102.5 MPH)
Batting: RHB Steve Tapley 0-0: Called Strike
0-1: Foul Ball, location: 2F
0-2: Ball
1-2: Ball
2-2: Ball
3-2: Ground out 6-3 (Groundball, 6, EV 89.4 MPH)
José Solís to second
Pitching: RHP Zach Johnston
Batting: SHB Ed Charles 0-0: Foul Ball, location: 2F
0-1: Ground out 5-3 (Groundball, 56S, EV 71.9 MPH)
Bottom of the 7th over - 0 runs, 2 hits, 0 errors, 1 left on base; Asheville 0 - Winston-Salem 2
TOP OF THE 8TH
Asheville Tourists batting - Pitching for Winston-Salem Dash : LHP Jesús Cruz
Batting: RHB Clint Hancock 0-0: Ball
1-0: Foul Ball, location: 2LF
1-1: Called Strike
1-2: Fly out, F9 (Flyball, 9D, EV 103.1 MPH)
Batting: RHB José Carlos Rangel 0-0: Fly out, F2 (Popup, 2LF, EV 96.9 MPH)
Batting: RHB Raúl Villa 0-0: Called Strike
0-1: Called Strike
0-2: Foul Ball, location: 5DF
0-2: Ball
1-2: Ball
2-2: Strikes out swinging
Top of the 8th over - 0 runs, 0 hits, 0 errors, 0 left on base; Asheville 0 - Winston-Salem 2
BOTTOM OF THE 8TH
Winston-Salem Dash batting - Pitching for Asheville Tourists : RHP Zach Johnston
Batting: LHB Lúcio Aguilar 0-0: Swinging Strike
0-1: Hit by Pitch
Batting: RHB Raúl Pérez 0-0: Called Strike
Lúcio Aguilar is caught stealing 2nd base 2-4
0-1: Called Strike
0-2: Ball
1-2: Foul Ball, location: 7LDF
1-2: SOLO HOME RUN (Line Drive, 7D, EV 109.4 MPH), Distance : 400 ft
Batting: RHB José García 0-0: Called Strike
0-1: Fly out, F7 (Line Drive, 78M, EV 93.1 MPH)
Batting: LHB Jeff Ferguson 0-0: Ball
1-0: Swinging Strike
1-1: Ball
2-1: Foul Ball, location: 2F
2-2: DOUBLE (Line Drive, 78D, EV 110.0 MPH)
Batting: LHB Mike Simpson 0-0: Ball
1-0: Foul Ball, location: 7LSF
1-1: Foul Ball, location: 7LSF
1-2: Strikes out swinging
Bottom of the 8th over - 1 run, 2 hits, 0 errors, 1 left on base; Asheville 0 - Winston-Salem 3
TOP OF THE 9TH
Asheville Tourists batting - Pitching for Winston-Salem Dash : LHP Jesús Cruz
Batting: SHB José Morán 0-0: Called Strike
0-1: Swinging Strike
0-2: Ball
1-2: Strikes out swinging
Batting: RHB Jared Clemente 0-0: Ball
1-0: Swinging Strike
1-1: Called Strike
1-2: Strikes out swinging
Batting: SHB Erik Ashe 0-0: Swinging Strike
0-1: Swinging Strike
0-2: Ball
1-2: Foul Ball, location: 7LSF
1-2: Strikes out swinging
Top of the 9th over - 0 runs, 0 hits, 0 errors, 0 left on base; Asheville 0 - Winston-Salem 3
Monday, April 1st , 2024 - OOTP Baseball 24.10 Build 82